Map: Ruins of Seras

Players

MorN

  • Race: Terran Terran
  • League: Master

Seigifried - Winner!

  • Race: Protoss Protoss
  • League: Diamond

VOD

Have the link to the VOD?

Description

Time

  • Played on: Nov. 17, 2015, 11:59 p.m.
  • Length: 10:21
Show
View Real Time Build Order
Export as new Build Order

MorN Terran 

Build Orders: MMM Bio 

Get SALT Encoding   

  12  0:01  SCV  
  13  0:13  SCV  
  14  0:18  Supply Depot  
  14  0:26  SCV  
  15  0:39  SCV  
  15  0:41  Barracks  
  16  0:46  Refinery  
  16  0:56  SCV  
  17  1:08  SCV  
  19  1:29  Marine  
  19  1:36  Command Center  
  19  1:39  Orbital Command  
  19  1:47  Marine  
  20  1:56  Factory  
  20  2:05  SCV  
  20  2:07  Marine  
  22  2:17  SCV  
  23  2:31  Supply Depot  
  23  2:41  Factory Tech Lab  
  23  2:47  Marine  
  23  2:50  Orbital Command  
  24  2:56  SCV  
  24  2:57  Barracks  
  25  3:01  Cyclone  
  28  3:07  Marine  
  28  3:08  SCV  
  30  3:17  SCV  
  31  3:21  SCV  
  31  3:24  Marine  
  33  3:31  Refinery  
  33  3:37  SCV  
  34  3:48  SCV  
  35  3:50  Factory Tech Lab  
  35  3:54  Barracks Reactor  
  35  3:56  Barracks  
  35  4:04  SCV x2  
  36  4:16  SCV x2  
  37  4:28  SCV x2  
  37  4:33  Marine  
  37  4:34  Marine x2  
  37  4:35  Stimpack  
  40  4:40  SCV  
  40  4:46  SCV  
  40  4:51  Marine  
  41  4:53  Marine  
  41  4:58  Starport  
  42  5:02  Factory Reactor  
  42  5:06  Marauder x2  
  46  5:14  Supply Depot  
  46  5:17  Command Center, Combat Shields  
  46  5:21  Engineering Bay  
  46  5:24  Engineering Bay  
  46  5:35  SCV x2, Marauder x2, Marine x2  
  54  5:45  Barracks  
  54  5:46  Barracks  
  54  5:48  Refinery  
  54  5:49  Refinery  
  54  5:56  Supply Depot  
  54  6:03  Factory Reactor  
  54  6:05  Terran Infantry Weapons Level 1, Terran Infantry Armor Level 1  
  54  6:10  Supply Depot  
  54  6:18  SCV x2  
  56  6:22  Marine x4  
  56  6:25  Supply Depot, Medivac  
  62  6:28  Medivac  
  62  6:30  SCV  
  62  6:31  Orbital Command  
  65  6:33  Supply Depot  
  65  6:38  SCV  
  65  6:39  Marine  
  66  6:40  Barracks Reactor, Barracks Tech Lab  
  66  6:42  SCV  
  66  6:43  Widow Mine  
  66  6:45  Widow Mine  
  72  6:50  SCV  
  73  6:54  SCV  
  73  6:55  Supply Depot  
  73  6:58  Marauder  
  73  6:59  Medivac  
  78  7:02  SCV  
  78  7:03  SCV  
  80  7:17  SCV x2  
  80  7:22  Widow Mine x2  
  86  7:24  Marine x2  
  86  7:25  Marine x2, Marauder x3  
  96  7:30  Supply Depot  
  96  7:35  Medivac x2  
  100  7:38  SCV  
  100  7:39  SCV  
  100  7:42  Marine  
  100  7:43  Armory  
  103  7:47  Marauder, Marine  
  98  7:57  Marine  
  98  7:58  SCV, Marauder x2  
  92  7:59  Widow Mine x2  
  92  8:01  SCV, Orbital Command  
  92  8:04  Supply Depot  
  97  8:10  Marine, Marauder  
  97  8:11  Marine  
  101  8:16  SCV x2  
  101  8:19  Marauder  
  105  8:20  Marine x2  
  105  8:21  Marauder  
  109  8:28  Marine x2  
  109  8:31  Marauder  
  109  8:33  SCV x2  
  115  8:34  SCV  
  115  8:40  Marauder  
  118  8:42  Marauder  
  118  8:46  Marine  
  118  8:47  Marine x2  
  123  8:53  Marauder  
  125  8:56  Refinery  
  125  8:57  SCV, Refinery  
  125  8:59  Marine  
  125  9:01  Marine  
  116  9:04  Marine x3, Marauder  
  121  9:14  Marine  
  121  9:16  Marine  
  123  9:18  SCV, Barracks x3  
  123  9:19  SCV  
  123  9:23  SCV  
  125  9:25  Marine  
  125  9:30  Marine  
  125  9:35  SCV, Medivac, Marine  
  125  9:43  Marine x2  
  125  9:45  Marine x2  
  125  9:53  Supply Depot  
  125  9:54  Supply Depot  
  125  9:56  Supply Depot, Marine x2  
  125  9:57  Marauder  
  131  10:01  Marine x2  
Show
View Real Time Build Order
Export as new Build Order

Seigifried Protoss - Winner!

Build Orders:  

Get SALT Encoding   

  12  0:02  Probe (Chrono Boost)  
  13  0:12  Probe (Chrono Boost)  
  14  0:23  Probe (Chrono Boost)  
  14  0:26  Pylon  
  15  0:44  Probe (Chrono Boost)  
  16  0:53  Gateway, Assimilator  
  16  0:56  Probe (Chrono Boost)  
  17  1:06  Probe (Chrono Boost)  
  18  1:17  Probe (Chrono Boost)  
  19  1:20  Pylon  
  19  1:27  Probe (Chrono Boost)  
  20  1:44  Cybernetics Core  
  20  2:03  Probe (Chrono Boost), Nexus  
  20  2:07  Assimilator  
  20  2:11  Pylon  
  20  2:19  Gateway  
  20  2:25  Mothership Core (Chrono Boost)  
  22  2:31  Warp Gate  
  22  2:36  Adept  
  24  2:43  Probe (Chrono Boost)  
  25  2:54  Probe (Chrono Boost)  
  26  2:59  Robotics Facility  
  26  3:07  Adept  
  28  3:13  Adept  
  28  3:18  Probe (Chrono Boost)  
  31  3:21  Probe (Chrono Boost)  
  32  3:31  Probe (Chrono Boost)  
  33  3:46  Gateway x2  
  33  3:47  Observer (Chrono Boost)  
  34  3:52  Probe  
  34  3:53  Probe  
  36  4:20  Probe  
  36  4:23  Observer (Chrono Boost)  
  34  4:55  Stalker  
  34  4:56  Stalker x3  
  34  4:59  Probe  
  43  5:04  Twilight Council  
  43  5:05  Pylon, Robotics Bay, Assimilator  
  43  5:06  Probe  
  43  5:11  Probe  
  45  5:17  Probe  
  46  5:23  Probe  
  46  5:27  Probe  
  47  5:35  Probe  
  49  5:39  Probe  
  49  5:42  Blink (Chrono Boost)  
  50  5:47  Probe, Assimilator  
  50  5:48  Disruptor  
  50  5:49  Pylon  
  51  5:51  Probe  
  55  5:59  Probe  
  55  6:03  Probe  
  55  6:04  Pylon  
  57  6:10  Gateway  
  57  6:12  Gateway  
  57  6:16  Pylon  
  57  6:18  Probe x2  
  59  6:21  Disruptor  
  59  6:30  Probe x2  
  59  6:31  Stalker x2  
  68  6:40  Stalker x2  
  72  6:47  Pylon  
  72  6:52  Warp Prism  
  74  7:01  Forge  
  74  7:03  Stalker, Pylon  
  74  7:08  Stalker  
  78  7:15  Stalker x2  
  80  7:24  Stalker x2  
  84  7:32  Pylon  
  84  7:36  Photon Cannon  
  84  7:38  Photon Cannon  
  84  7:41  Disruptor  
  79  8:00  Stalker x2  
  79  8:01  Stalker  
  79  8:04  Stalker  
  87  8:08  Protoss Ground Armor Level 1 (Chrono Boost)  
  87  8:14  Disruptor  
  90  8:25  Stalker x3, Pylon  
  96  8:31  Stalker  
  96  8:34  Stalker  
  100  8:37  Stalker  
  102  8:45  Disruptor  
  105  9:01  Stalker  
  105  9:02  Stalker x3  
  113  9:07  Stalker  
  113  9:09  Pylon  
  115  9:15  Stalker  
  117  9:29  Stalker x3  
  123  9:39  Observer  
  123  9:47  Stalker  
  125  9:54  Pylon  
  125  9:55  Pylon  
  125  9:57  Pylon  
Tags
 
Composition
MMM Bio
Matchup
PvT
Replay Pack
MorN pack 2
Add a new tag
Caveats
  • Supply blocks, unpowered buildings, or Contaminate may cause inaccurate times.
  • Supply counts are checked every 10 seconds.